 Dungeon Crawl Stone Soup version 0.31-a0-1-g4198be8af4 (webtiles) character file.

Game seed: 9908614872245393074

105 spedboy43 the Conjurer (level 4, 24/24 HPs)
             Began as a Deep Elf Conjurer on Apr 28, 2023.
             Quit the game on level 3 of the Dungeon on May 1, 2023.
             The game lasted 00:06:07 (2352 turns).

spedboy43 the Conjurer (Deep Elf Conjurer)          Turns: 2352, Time: 00:06:07

Health: 24/24      AC:  4    Str:  4    XL:     4   Next: 54%
Magic:  11/12      EV: 13    Int: 25    God:
Gold:   125        SH:  0    Dex: 13    Spells: 2/11 levels left

rFire   + . .        (no weapon)
rCold   . . .        (no shield)
rNeg    . . .        a - +0 robe
rPois   .            (no helmet)
rElec   .            (no cloak)
rCorr   .            h - +0 pair of gloves
SInv    .            l - +0 pair of boots
Will    .....        f - amulet of magic regeneration
Stlth   ++           c - ring of protection from fire
HPRegen 0.24/turn    (no ring)
MPRegen 0.53/turn

%: no passive effects
@: no status effects
A: no striking features
a: no special abilities


You were on level 3 of the Dungeon.
You visited 1 branch of the dungeon, and saw 3 of its levels.

You collected 125 gold pieces.

Inventory:

Armour
 a - a +0 robe (worn)
 h - a +0 pair of gloves (worn)
 l - a +0 pair of boots (worn)
Jewellery
 c - a ring of protection from fire (left hand)
 f - an amulet of magic regeneration (around neck)
 j - a ring of magical power
Wands
 r - a wand of iceblast (9)
Scrolls
 e - 3 scrolls of teleportation {unknown}
 g - a scroll of butterflies {unknown}
 k - 3 scrolls of identify {unknown}
 m - a scroll of fear {unknown}
 q - a scroll of enchant weapon {unknown}
Potions
 b - a potion of magic
 d - a potion of berserk rage {unknown}
 i - a potion of flight {unknown}
 n - 2 potions of might {unknown}
 o - a potion of curing {unknown}
 p - a potion of brilliance {unknown}


   Skills:
 + Level 3.3 Dodging
 + Level 3.4 Stealth
 * Level 4.3 Spellcasting
 * Level 5.2 Conjurations


You had 2 spell levels left.
You knew the following spells:

 Your Spells              Type           Power      Damage    Failure   Level
a - Magic Dart            Conj           100%       1d8       1%          1
b - Searing Ray           Conj           62%        2d6       1%          2
c - Call Canine Familiar  Summ           5%         N/A       26%         3
d - Ozocubu's Armour      Ice            5%         N/A       26%         3

Your spell library contained the following spells:

 Spells                   Type           Power      Damage    Failure   Level
 Dazzling Flash           Conj/Hex       36%        N/A       9%          3
 Portal Projectile        Hex/Tloc       10%        N/A       26%         3
 Fulminant Prism          Conj/Hex       9%         3d7       30%         4
 Iskenderun's Mystic Bla  Conj/Tloc      18%        2d6       30%         4
 Animate Armour           Summ/Erth      10%        N/A       65%         4
 Leda's Liquefaction      Hex/Erth       2%         N/A       65%         4
 Blade Hands              Tmut           2%         N/A       94%         5
 Metabolic Englaciation   Hex/Ice        2%         N/A       94%         5
 Iron Shot                Conj/Erth      9%         9d3       99%         6
 Simulacrum               Ice/Necr       2%         N/A       100%        6


Dungeon Overview and Level Annotations

Branches:
Dungeon (3/15)

Altars:
Zin


Message History

The magic dart hits the giant cockroach.
The giant cockroach is severely wounded.
A giant cockroach is nearby!
The magic dart hits the giant cockroach.
You kill the giant cockroach!
You can't see any susceptible monsters within range! (Use Z to cast anyway.) Magic restored.
There is an open door here.
A dart slug comes into view.
A dart slug is nearby!
The magic dart hits the dart slug.
The dart slug is moderately wounded.
The magic dart hits the dart slug.
The dart slug is severely wounded.
A dart slug is nearby!
The magic dart hits the dart slug.
The dart slug is severely wounded.
The dart slug launches a dart at you. The slug dart hits you.
The magic dart hits the dart slug.
You kill the dart slug!
HP restored.
A rat comes into view.
A rat is nearby!
A rat is nearby!
A rat is nearby!
The magic dart hits the rat.
The rat is severely wounded.
The magic dart hits the rat.
You kill the rat!
You can't see any susceptible monsters within range! (Use Z to cast anyway.)
A giant cockroach comes into view.
A giant cockroach is nearby!
A giant cockroach is nearby!
The magic dart hits the giant cockroach.
The giant cockroach is severely wounded.
The magic dart hits the giant cockroach.
You kill the giant cockroach!
You can't see any susceptible monsters within range! (Use Z to cast anyway.) Are you sure you want to abandon this character and quit the game? (Confirm with "yes".)

.# .. ##+# .#
##...## .#
##..†..#####†####
##.......#.......#
#.........†##....###
+...........@.......
#..........##....###
#...†...#.# ##..#
##.....##.# .#
##..†###.# # ##'##
#.. #.# ### #.#
##.##


There were no monsters in sight!

Vanquished Creatures
  3 gnolls (D:2)
  2 adders (D:2)
  A worm (D:2)
  A dart slug (D:3)
  5 endoplasms (D:1)
  3 giant cockroaches
  4 hobgoblins
  4 jackals
  2 quokkas
  6 ball pythons
  5 bats
  4 frilled lizards
  5 goblins
  3 kobolds
  5 rats
53 creatures vanquished.

Notes
Turn   | Place    | Note
-------+----------+-------------------------------------------
     0 | D:1      | spedboy43 the Deep Elf Conjurer began the quest for the
                  | Orb.
     0 | D:1      | Reached XP level 1. HP: 10/10 MP: 6/6
   295 | D:1      | Reached XP level 2. HP: 15/15 MP: 4/8
  1190 | D:2      | Learned a level 2 spell: Searing Ray
  1342 | D:2      | Reached XP level 3. HP: 19/19 MP: 8/10
  1425 | D:2      | Found a glowing silver altar of Zin.
  1460 | D:2      | Reached skill level 5 in Conjurations
  1461 | D:2      | Reached XP level 4. HP: 21/24 MP: 4/12
  1606 | D:2      | Learned a level 3 spell: Call Canine Familiar
  1669 | D:2      | Learned a level 3 spell: Ozocubu's Armour
  2317 | D:3      | Upgraded the game from 0.30-a0-1163-gf69bf04e7a to
                  | 0.31-a0-1-g4198be8af4
  2352 | D:3      | Quit the game

Illustrated notes

Levels and vault maps discovered:
D:1:      eino_arrival_tree_alley, layout_loops_corners, st_stairs_9,
          minmay_pentomino_q4
D:2:      layout_loops_corners, basic_altar
D:3:      layout_loops_corners, nicolae_ashenzari_skybound,
          worldfamousw_hep_ancestral_shrine, serial_bayou_pond_d

Skill      XL: |  1  2  3 |
---------------+----------+-----
Dodging        | 3 |  3.3
Stealth        | 3 |  3.4
Spellcasting   | 4 |  4.3
Conjurations   | 5 |  5.2

Action                     |  1- 3 |  4- 6 || total
---------------------------+-------+-------++-------
  Melee: Unarmed           |     2 |       ||     2
   Cast: Magic Dart        |    56 |    48 ||   104
         Searing Ray       |     2 |       ||     2
 Armour: Robe              |       |     1 ||     1
  Dodge: Dodged            |    10 |       ||    10

Table legend: (Time is in decaauts)
 A = Elapsed time spent in this place.
 B = Non-inter-level travel time spent in this place.
 C = Inter-level travel time spent in this place.
 D = Time resting spent in this place.
 E = Time spent auto-exploring this place.
 F = Levels seen in this place.
 G = Mean time per level.
                   A        B        C        D        E       F      G
               +--------+--------+--------+--------+--------+-----+--------+
         Total |   2350 |   2170 |    180 |      0 |   1906 |   3 |  783.3 |
       Dungeon |   2350 |   2170 |    180 |      0 |   1906 |   3 |  783.3 |
               +--------+--------+--------+--------+--------+-----+--------+

Top non-repeatable levels by time:
     D:1: 1180 daAuts
     D:2: 929 daAuts
     D:3: 240 daAuts
